 Dungeon Crawl Stone Soup version 0.28.0-53-g5a82cb258f (webtiles) character file.

Game seed: 4525329649729046405

92 issech the Chopper (level 4, -1/41 HPs)
             Began as a Minotaur Monk on June 13, 2022.
             Slain by an ogre
             ... wielding a +0 giant spiked club
              (20 damage)
             ... on level 4 of the Dungeon.
             The game lasted 00:05:59 (2839 turns).

issech the Chopper (Minotaur Monk)                  Turns: 2839, Time: 00:05:59

Health: -1/41      AC: 10    Str: 15    XL:     4   Next: 35%
Magic:  0/3        EV:  5    Int:  7    God:
Gold:   149        SH:  0    Dex: 15    Spells: 3/3 levels left

rFire   . . .      SeeInvis .   a - +0 hand axe
rCold   . . .      Faith    .   (no shield)
rNeg    . . .      Spirit   +   p - +0 plate armour
rPois   .          Reflect  .   (helmet restricted)
rElec   .          Harm     .   (no cloak)
rCorr   .          Rampage  .   (no gloves)
Will    .....                   (no boots)
Stlth   ..........              h - amulet of guardian spirit
HPRegen 0.13/turn               (no ring)
MPRegen 0.08/turn               (no ring)

@: no status effects
A: horns 2, retaliatory headbutt
a: no special abilities


You were on level 4 of the Dungeon.
You visited 1 branch of the dungeon, and saw 4 of its levels.

You collected 149 gold pieces.

Inventory:

Hand Weapons
 a - a +0 hand axe (weapon)
 e - a +0 flail
Missiles
 d - 96 stones (quivered)
 r - 3 poisoned darts
Armour
 b - a +0 robe
 j - a +0 leather armour
 p - a +0 plate armour (worn)
Jewellery
 h - an amulet of guardian spirit (around neck)
Scrolls
 i - a scroll of blinking {unknown}
 m - 3 scrolls of identify {unknown}
 n - 4 scrolls of enchant weapon {unknown}
 s - a scroll of enchant armour {unknown}
Potions
 c - 2 potions of flight {unknown}
 f - 2 potions of haste {unknown}
 g - a potion of heal wounds {unknown}
 k - a potion of curing {unknown}
 l - a potion of degeneration {unknown}
 o - 2 potions of might {unknown}
 q - a potion of lignification {unknown}
 t - a potion of berserk rage {unknown}


   Skills:
 + Level 4.4 Fighting
 + Level 4.7 Axes
 + Level 1.0 Armour
 + Level 3.9 Dodging
 + Level 2.0 Stealth


You had 3 spell levels left.
You didn't know any spells.
Your spell library contained the following spells:

 Spells                   Type           Power      Damage    Failure   Level
 Ensorcelled Hibernation  Hex/Ice        0%         N/A       100%        2
 Passwall                 Tmut/Erth      0%         N/A       100%        2
 Swiftness                Air            0%         N/A       100%        3


Dungeon Overview and Level Annotations

Branches:
Dungeon (4/15)
 Temple: D:4-7

Altars:
Elyvilon
Trog


Innate Abilities, Weirdness & Mutations

You have a pair of horns on your head.
You reflexively headbutt those who attack you in melee.


Message History

You hit the rat but do no damage. The rat bites you but does no damage.
You hit the rat.
You kill the rat!
You pick up a book of Burglary and begin reading...
You add the spells Passwall, Ensorcelled Hibernation and Swiftness to your library.
There is a stone staircase leading down here.
s - a scroll labelled ELLAPI OHYNG Done exploring.
There is a stone staircase leading down here.
Done exploring.
There is an escape hatch in the ceiling here.
A mysterious force pulls you upwards. The hatch slams shut behind you.
You see here a +0 club.
There is a stone staircase leading down here.
You climb downwards.
There is a stone staircase leading up here.
You see here a frilled lizard skeleton.
There is a stone staircase leading down here.
You climb downwards.
There is a stone staircase leading up here.
t - a fuming white potion An ogre comes into view.
It is wielding a +0 giant spiked club.
You throw a stone. The stone hits the ogre.
The ogre is lightly wounded.
You throw a stone. The stone hits the ogre.
The ogre is lightly wounded.
You throw a stone. The stone hits the ogre.
The ogre is lightly wounded.
You throw a stone. The stone closely misses the ogre.
The ogre completely misses you.
You hit the ogre. You headbutt the ogre.
The ogre is heavily wounded.
You closely miss the ogre.
The ogre is heavily wounded.
The ogre hits you with a +0 giant spiked club!!
Ouch! That really hurt!
You hit the ogre.
The ogre is heavily wounded.
The ogre hits you with a +0 giant spiked club!!
You die...

#.#..<..#
#.##.......#
#.####.....# #.#
#....## #.####.#.##
#.#.......#
#.#.......#
####.#.......#
#O@..........#
..(.((.##.........#
#.##### ##........#
#........#
#.###.#### #.# .#
#.# .# #.#


You could see an ogre.

Vanquished Creatures
  A hound skeleton (D:2)
  2 adders (D:2)
  A worm (D:2)
  2 dart slugs
  4 endoplasms
  4 giant cockroaches
  6 goblins
  3 hobgoblins
  6 jackals
  2 kobolds
  5 ball pythons
  6 bats
  3 frilled lizards
  7 rats
52 creatures vanquished.

Notes
Turn   | Place    | Note
-------+----------+-------------------------------------------
     0 | D:1      | issech the Minotaur Monk began the quest for the Orb.
     0 | D:1      | Reached XP level 1. HP: 19/19 MP: 0/0
   216 | D:1      | Reached XP level 2. HP: 19/27 MP: 1/1
   363 | D:1      | Found a faded altar of an unknown god.
  1363 | D:2      | Reached XP level 3. HP: 12/33 MP: 0/2
  1740 | D:2      | Found a white marble altar of Elyvilon.
  2011 | D:2      | Reached XP level 4. HP: 25/41 MP: 3/3
  2397 | D:3      | Found a bloodstained altar of Trog.
  2400 | D:3      | Reached skill level 1 in Armour
  2831 | D:4      | Noticed an ogre
  2839 | D:4      | Slain by an ogre

Illustrated notes

Levels and vault maps discovered:
D:1:      lightli_arrival_flooded_house, layout_basic,
          shapermc_ecumenical_altar_notcrosses
D:2:      cheibrodos_helix_gallery, layout_rooms, basic_altar,
          minmay_hexomino_p4
D:3:      layout_rooms, bloody_trog
D:4:      layout_loops_ring, ebering_dispersal_statue_hall, solitary_fountain

Skill      XL: |  1  2  3  4 |
---------------+-------------+-----
Fighting       | 4 |  4.4
Axes           | 4 |  4.7
Armour         | 1 |  1.0
Stealth        | 2 |  2.0
Dodging        | |  3.9

Action                   |  1- 3 |  4- 6 || total
-------------------------+-------+-------++-------
Melee: Hand axe          |    86 |    24 ||   110
       Headbutt          |     8 |     4 ||    12
Throw: Stone             |       |     4 ||     4
 Stab: Sleeping          |     2 |       ||     2
Armor: Robe              |    10 |       ||    10
       Leather armour    |     9 |       ||     9
       Plate armour      |    11 |    16 ||    27
Dodge: Dodged            |    53 |    11 ||    64
